 Dungeon Crawl Stone Soup version 0.31-a0-981-geadf994542 (webtiles) character file.

Game seed: 2475588677499136851

86 Pooter the Chopper (level 4, -2/35 HPs)
             Began as a Demonspawn Berserker on Nov 1, 2023.
             Was a Follower of Trog.
             Slain by a goblin
             ... wielding a +0 dagger
             ... led by Robin
              (4 damage)
             ... on level 3 of the Dungeon.
             The game lasted 00:06:02 (2237 turns).

Pooter the Chopper (Demonspawn Berserker)           Turns: 2237, Time: 00:06:03

Health: -2/35      AC:  4    Str: 19    XL:     4   Next: 27%
Magic:  4/4        EV: 12    Int:  9    God:    Trog [*.....]
Gold:   148        SH:  0    Dex: 12    Spells: 3/3 levels left

rFire   . . .        a - +0 hand axe
rCold   . . .        (no shield)
rNeg    . . .        d - +0 animal skin
rPois   .            (no helmet)
rElec   .            (no cloak)
rCorr   .            e - +1 pair of gloves
SInv    +            (no boots)
Will    .....        (no amulet)
Stlth   +            S - ring of see invisible
HPRegen 0.25/turn    (no ring)
MPRegen 0.09/turn

%: no passive effects
@: on berserk cooldown, slowed, very slow
A: weakness stinger 1
a: Renounce Religion, Berserk


You were on level 3 of the Dungeon.
You worshipped Trog.
Trog was aware of your devotion.
You visited 1 branch of the dungeon, and saw 3 of its levels.

You collected 148 gold pieces.

Inventory:

Hand Weapons
 a - a +0 hand axe (weapon)
 b - a +0 sling
   (You found it on level 1 of the Dungeon)
Missiles
 c - 6 boomerangs (quivered)
 Q - 40 stones
Armour
 d - a +0 animal skin (worn)
 e - a +1 pair of gloves (worn)
   (You found it on level 1 of the Dungeon)
Jewellery
 S - a ring of see invisible (left hand)
   (You found it on level 2 of the Dungeon)
Wands
 n - a wand of roots (10)
   (You found it on level 2 of the Dungeon)
Scrolls
 k - a scroll of fear
 p - a scroll of noise {!r}
Potions
 f - 2 potions of curing {@q1}
 g - a potion of might {unknown}
 h - 2 potions of ambrosia {unknown}
 j - a potion of lignification {unknown}
 l - a potion of attraction {unknown}
 m - a potion of magic {unknown}
 o - a potion of mutation {unknown}


   Skills:
 + Level 3.5 Fighting
 * Level 3.6 Axes
 * Level 2.1 Ranged Weapons
 - Level 1.7 Armour
 - Level 1.7 Dodging


You had 3 spell levels left.
You didn't know any spells.
Your spell library was empty.

Dungeon Overview and Level Annotations

Branches:
Dungeon (3/15) Zot: 15734

Altars:

Annotations:
D:3 Robin


Innate Abilities, Weirdness & Mutations

You have a small tail.


Message History

The goblin shouts!
You hear a shout!
You hear a shout!
The goblin misses you.
Robin roars a battlecry!
The hobgoblin attacks as it pursues you!
The hobgoblin hits you. The goblin hits you with a +0 club.
* * * LOW HITPOINT WARNING * * *
The goblin barely misses you. The goblin hits you but does no damage.
Robin roars a battlecry!
The hobgoblin misses you.
You completely miss Robin. You tail-slap Robin, but do no damage.
You hit the goblin.
You kill the goblin!
Trog accepts your kill.
You closely miss the goblin. You hit the goblin. You hit the hobgoblin.
The goblin misses you.
A goblin comes into view. It is wielding a +0 dagger.
Robin barely misses you.
The hobgoblin hits you but does no damage.
A goblin comes into view. It is wielding a +0 club.
The goblin hits you with a +0 club.
* * * LOW HITPOINT WARNING * * *
The goblin closely misses you.
You hit Robin. You hit the hobgoblin.
You kill the hobgoblin!
Trog accepts your kill.
You closely miss the goblin. You hit the goblin.
You kill the goblin!
Trog accepts your kill.
You closely miss the goblin. The goblin closely misses you.
The goblin hits you but does no damage. Robin throws the goblin at you!
Unknown command.
You hit Robin but do no damage. You hit the goblin.
You kill the goblin!
Trog accepts your kill.
You closely miss the goblin. You hit the goblin. The goblin closely misses you.
The goblin hits you with a +0 dagger.
* * * LOW HITPOINT WARNING * * *
Robin throws the goblin at you!
* * * LOW HITPOINT WARNING * * *
A goblin comes into view. It is wielding a +0 club.
The goblin hits you with a +0 dagger.
* * * LOW HITPOINT WARNING * * *
The goblin closely misses you. Robin hits you with a +0 spear.
* * * LOW HITPOINT WARNING * * *
You closely miss Robin. You hit the goblin but do no damage.
You closely miss the goblin. The goblin hits you with a +0 club.
* * * LOW HITPOINT WARNING * * *
The goblin hits you with a +0 dagger.
You die...

#........# ##........#
g ..........# .g
..........#####.#######
.............>........
..............# ?..#.#
)...##.....##g###.....
....##.....##..g).#.#.#
....##.....##..g@g....#
######....g##..####...#
#.....##)....###.#
#.....##†.......
#.....#...##.##.
#####.##†###.#
#.##.....# #.#..######
#..........


You could see Robin and 3 goblins.

Vanquished Creatures
  5 adders
  A dart slug (D:2)
  3 ball pythons
  A bat (D:2)
  3 endoplasms
  8 goblins
  6 hobgoblins
  2 quokkas
  A frilled lizard (D:2)
  5 kobolds
  2 rats
37 creatures vanquished.

Notes
Turn   | Place    | Note
-------+----------+-------------------------------------------
     0 | D:1      | Pooter the Demonspawn Berserker began the quest for the
                  | Orb.
     0 | D:1      | Reached XP level 1. HP: 18/18 MP: 1/1
   827 | D:1      | Gained mutation: You have a small tail. [demonic ancestry]
   827 | D:1      | Reached XP level 2. HP: 24/24 MP: 2/2
  1136 | D:2      | Reached skill level 1 in Ranged Weapons
  1345 | D:2      | Reached XP level 3. HP: 22/29 MP: 3/3
  2222 | D:3      | Reached XP level 4. HP: 35/35 MP: 4/4
  2230 | D:3      | Noticed Robin
  2237 | D:3      | Slain by a goblin

Illustrated notes

Levels and vault maps discovered:
D:1:      dpeg_arrival_erosion, layout_basic
D:2:      layout_loops_ring
D:3:      layout_basic, nicolae_ecumenical_pavilion,
          mainiacjoe_sewer_entry_somewhere_in_here_2, uniq_robin

Skill      XL: |  1  2  3  4 |
---------------+-------------+-----
Axes           | 3 |  3.6
Ranged Weapons | 1 2 |  2.1
Fighting       | |  3.5
Armour         | |  1.7
Dodging        | |  1.7

Action                     |  1- 3 |  4- 6 || total
---------------------------+-------+-------++-------
  Melee: Hand axe          |    67 |    10 ||    77
         Tailslap          |     4 |     1 ||     5
   Fire: Sling             |    26 |       ||    26
 Invoke: Berserk           |     2 |       ||     2
  Evoke: Wand              |     2 |       ||     2
    Use: Scroll            |     2 |       ||     2
         Potion            |     1 |       ||     1
 Armour: Animal skin       |    47 |    19 ||    66
  Dodge: Dodged            |    40 |    12 ||    52

Table legend: (Time is in decaauts)
 A = Elapsed time spent in this place.
 B = Non-inter-level travel time spent in this place.
 C = Inter-level travel time spent in this place.
 D = Time resting spent in this place.
 E = Time spent auto-exploring this place.
 F = Levels seen in this place.
 G = Mean time per level.
                   A        B        C        D        E       F      G
               +--------+--------+--------+--------+--------+-----+--------+
         Total |   2263 |   2175 |     88 |     71 |   1798 |   3 |  754.3 |
       Dungeon |   2263 |   2175 |     88 |     71 |   1798 |   3 |  754.3 |
               +--------+--------+--------+--------+--------+-----+--------+

Top non-repeatable levels by time:
     D:1: 1127 daAuts
     D:2: 907 daAuts
     D:3: 228 daAuts
